[Event "World Junior U20 Girls 2018"]
[Site "Gebze"]
[Date "2018.09.11"]
[Round "7"]
[White "Urh, Zala"]
[Black "Kubicka, Anna"]
[Result "0-1"]
[ECO "A57"]
[WhiteElo "2128"]
[BlackElo "2204"]
[Annotator "ChessBase"]
[PlyCount "168"]
[EventDate "2018.09.05"]
[EventType "swiss"]
[EventCountry "TUR"]
[SourceTitle "playchess.com"]
[Source "ChessBase"]
[SourceQuality "1"]
[TimeControl "40/5400+30:1800+30"]

1. d4 Nf6 2. c4 c5 3. d5 b5 4. cxb5 a6 5. f3 g6 6. e4 Bg7 7. Be3 d6 8. bxa6 O-O 9. Nd2 Qa5 10. Ne2 Bxa6 11. Nc3 Bxf1 12. Rxf1 Nfd7 13. Qc2 Na6 14. Nc4 Qb4 15. Qe2 Bxc3+ 16. bxc3 Qxc3+ 17. Kf2 Nb4 18. Rfd1 Ra4 19. Rac1 Nxa2 20. Rc2 Qb4 21. Rxa2 Qxc4 22. Qxc4 Rxc4 23. Ra7 Rd8 24. Bd2 Kf8 25. Ba5 Ra4 26. Rb1 Ne5 27. Rbb7 Ra2+ 28. Kg3 Re8 29. Bc3 Rxa7 30. Rxa7 f6 31. f4 Nd3 32. Kf3 Rb8 33. Ke3 Nb2 34. e5 Nd1+ 35. Kd2 Nxc3 36. Kxc3 fxe5 37. fxe5 dxe5 38. Ra5 Rb1 39. Ra2 Rc1+ 40. Kd3 c4+ 41. Kd2 Rf1 42. Kc3 Rc1+ 43. Kd2 Rh1 44. h3 Ke8 45. Kc3 Kd7 46. Kxc4 Rc1+ 47. Kd3 Kd6 48. Ke4 Re1+ 49. Kf3 Kxd5 50. Rd2+ Ke6 51. Kf2 Rc1 52. Ke3 Rc3+ 53. Ke4 h5 54. Ra2 Rc4+ 55. Kd3 Rb4 56. Ke3 Kf5 57. Rf2+ Rf4 58. Ra2 Re4+ 59. Kf3 Rb4 60. Ra7 Rb3+ 61. Kf2 Rb2+ 62. Kf1 e6 63. Rf7+ Kg5 64. Re7 Kf6 65. Re8 g5 66. Rf8+ Kg6 67. Rf3 e4 68. Rf8 e3 69. Ra8 Kf5 70. Ra4 h4 71. Rc4 e5 72. Ra4 Rf2+ 73. Kg1 Rd2 74. Kf1 Rd4 75. Ra3 Kf4 76. Rb3 Rd5 77. Ra3 e4 78. Ke2 Rd2+ 79. Kf1 Rd3 80. Ra5 Rd1+ 81. Ke2 Rd2+ 82. Kf1 e2+ 83. Kf2 e1=Q+ 84. Kxe1 Rxg2 0-1

[Event "World Junior U20 Girls 2018"]
[Site "Gebze"]
[Date "2018.09.11"]
[Round "7"]
[White "Santeramo, Alessia"]
[Black "Kocyigit, Buse Naz"]
[Result "0-1"]
[ECO "C12"]
[WhiteElo "2124"]
[BlackElo "1944"]
[Annotator "ChessBase"]
[PlyCount "156"]
[EventDate "2018.09.05"]
[EventType "swiss"]
[EventCountry "TUR"]
[SourceTitle "playchess.com"]
[Source "ChessBase"]
[SourceQuality "1"]
[TimeControl "40/5400+30:1800+30"]

1. e4 e6 2. d4 d5 3. Nc3 Nf6 4. Bg5 Bb4 5. e5 h6 6. Bc1 Ne4 7. Qg4 g5 8. Nge2 h5 9. Qh3 c5 10. a3 Ba5 11. b4 cxb4 12. Nxe4 dxe4 13. axb4 Bxb4+ 14. c3 Be7 15. Qe3 Bd7 16. Ng3 Bc6 17. Nxe4 Bxe4 18. Qxe4 Qc7 19. Bb5+ Nd7 20. O-O a6 21. Bd2 O-O-O 22. Bd3 h4 23. Rfb1 Nb8 24. c4 h3 25. Ba5 Qc6 26. Bxd8 Rxd8 27. Qxc6+ Nxc6 28. Be4 Nb4 29. Rd1 f5 30. exf6 Bxf6 31. Ra4 Be7 32. gxh3 b6 33. Bf3 a5 34. c5 Kc7 35. cxb6+ Kxb6 36. Rda1 Rxd4 37. Rxa5 Bc5 38. Be2 Rd2 39. Rb5+ Kc6 40. Rc1 Rc2 41. Rxc2 Nxc2 42. Rb8 Nd4 43. Bg4 Kd5 44. Kg2 Be7 45. Rb7 Bf6 46. Rf7 Ke5 47. Kf1 Bd8 48. Rf8 Be7 49. Rf7 Bd8 50. Ke1 Ke4 51. Ra7 Bf6 52. Ra6 Kd5 53. Kd2 Nb3+ 54. Ke2 Nc5 55. Kf3 Nxa6 56. Kg2 Nc5 57. f3 Nd3 58. Kg3 Be5+ 59. Kg2 Nf4+ 60. Kg3 Ng6+ 61. Kg2 Nh4+ 62. Kh1 Bf4 63. Kg1 Be3+ 64. Kf1 Ke5 65. Bh5 Kf4 66. Ke2 Bg1 67. Bg4 e5 68. Bh5 Bxh2 69. Bg4 Bg1 70. Bh5 Kg3 71. Bg4 Bc5 72. Bh5 Kxh3 73. Kd3 Kg3 74. Ke4 Bd4 75. Bg4 Nxf3 76. Bxf3 g4 77. Be2 Kh3 78. Bf1+ Kh2 0-1

[Event "World Junior U20 Girls 2018"]
[Site "Gebze"]
[Date "2018.09.11"]
[Round "7"]
[White "Li, Xinyu"]
[Black "Zairbek kyzy, Begimay"]
[Result "0-1"]
[ECO "D66"]
[WhiteElo "2086"]
[BlackElo "1770"]
[Annotator "NA"]
[PlyCount "142"]
[EventDate "2018.09.05"]
[EventType "swiss"]
[EventCountry "TUR"]
[SourceTitle "playchess.com"]
[Source "ChessBase"]
[SourceQuality "1"]
[TimeControl "40/5400+30:1800+30"]

1. d4 d5 2. c4 e6 3. Nc3 Nf6 4. Nf3 Be7 5. Bg5 Nbd7 6. e3 c6 7. Rc1 O-O 8. Bd3 Re8 9. O-O Nf8 10. Qc2 Ng6 11. Rfd1 dxc4 12. Bxc4 Nd5 13. Bxe7 Qxe7 14. a3 {[%emt 0:07:30] D66: Queen's Gambit Declined: Classical: Main Line (7 Rc1 c6 8 Bd3)} Bd7 15. Bd3 Nf8 $146 ({Predecessor:} 15... Rec8 16. g3 Nf6 17. Na4 b6 18. Rb1 c5 19. dxc5 Bxa4 20. Qxa4 Rxc5 {1-0 (35) Kuligowski,A (2465)-Erlingsson,J (2225) Reykjavik 1982}) 16. Ne4 Rad8 17. Qb3 Bc8 18. Qa4 a6 19. b4 Nd7 20. Nc5 h6 21. Qb3 N5f6 22. e4 e5 23. dxe5 Nxe5 24. Nxe5 Qxe5 25. Bc4 Qc7 26. Rxd8 Rxd8 27. Qe3 Ng4 28. Qg3 Qxg3 29. hxg3 Rd2 30. f3 Ne3 31. Bf1 Rc2 32. Re1 Rc3 33. Bd3 b6 34. Rxe3 bxc5 35. bxc5 Rxa3 36. Kf2 Rc3 37. Be2 Rxc5 38. Rb3 Kh7 39. Rb8 $11 Be6 40. Bxa6 Rc2+ 41. Kg1 c5 42. g4 Kg6 43. Kh2 Kf6 44. Kg3 g5 45. Rh8 Kg7 46. Rd8 c4 47. Bc8 Kf6 48. Bxe6 Kxe6 49. Rd5 c3 50. f4 Rd2 51. f5+ Ke7 52. Rc5 Rd3+ 53. Kf2 Kd6 54. Rc4 Ke5 55. g3 f6 56. Kg2 Re3 57. Kf2 Rxe4 58. Rxc3 Rxg4 59. Kf3 Rd4 60. g4 Rf4+ 61. Kg3 h5 62. gxh5 Kxf5 63. Rc8 Rg4+ 64. Kf3 Rh4 65. Rh8 Rh3+ 66. Kg2 Kg4 67. h6 f5 68. h7 f4 69. Kf2 f3 70. Ra8 Rh2+ 71. Ke3 Rxh7 0-1

[Event "World Junior U20 Girls 2018"]
[Site "Gebze"]
[Date "2018.09.11"]
[Round "7"]
[White "Sankova, Stella"]
[Black "Yorgun, Yaren Naz"]
[Result "1-0"]
[ECO "C10"]
[WhiteElo "2081"]
[BlackElo "1751"]
[Annotator "NA"]
[PlyCount "89"]
[EventDate "2018.09.05"]
[EventType "swiss"]
[EventCountry "TUR"]
[SourceTitle "playchess.com"]
[Source "ChessBase"]
[SourceQuality "1"]
[TimeControl "40/5400+30:1800+30"]

1. e4 e6 2. d4 d5 3. Nc3 dxe4 4. Nxe4 Nd7 5. Nf3 Ngf6 6. Bd3 Be7 7. c3 O-O 8. Qe2 {[%emt 0:05:30] C10: French with 3 Nc3: Unusual Black 3rd moves and 3...dxe4} c5 (8... b6 9. g4 Bb7 10. g5 Nxe4 11. Bxe4 Bxe4 12. Qxe4 c5 {½-½ (12) Bruedigam,M (2408)-Stupak,K (2558) Police 2016}) 9. Bg5 cxd4 10. Nxd4 Ne5 11. Bc2 $146 ({Predecessor:} 11. Nxf6+ Bxf6 12. Bxf6 Nxd3+ 13. Qxd3 Qxf6 14. O-O e5 {½-½ (15) Gerencer,J (2143)-Tamas,G (2148) Hungary 2007}) 11... Nxe4 12. Qxe4 Ng6 13. Bxe7 Qxe7 14. h4 f5 15. Qf3 Qf6 16. O-O-O e5 17. Bb3+ Kh8 18. Nb5 e4 19. Qe3 Ne5 20. Nc7 Rb8 21. Qxa7 Bd7 22. Nd5 Qh6+ $16 23. Kb1 Nd3 24. Bc2 Bc6 25. Nb4 Ra8 26. Qb6 Nxb4 27. Qxb4 Qf4 28. Qd4 Qc7 29. h5 Rfd8 30. Qb4 h6 31. Bb3 Rxd1+ 32. Rxd1 Rd8 33. Rd4 f4 34. a3 e3 35. Rxf4 Qb8 36. fxe3 Bxg2 37. Qe7 Re8 38. Qf7 Be4+ 39. Ka2 Qe5 40. Rf1 Bd3 41. Rg1 Rb8 42. Rg2 Bh7 43. Qf4 Qe8 44. Rf2 Be4 45. Bf7 1-0

[Event "World Junior U20 Girls 2018"]
[Site "Gebze"]
[Date "2018.09.11"]
[Round "7"]
[White "Bai, Xue"]
[Black "Can, Isil"]
[Result "1/2-1/2"]
[ECO "C95"]
[WhiteElo "2073"]
[BlackElo "1798"]
[Annotator "NA"]
[PlyCount "100"]
[EventDate "2018.09.05"]
[EventType "swiss"]
[EventCountry "TUR"]
[SourceTitle "playchess.com"]
[Source "ChessBase"]
[SourceQuality "1"]
[TimeControl "40/5400+30:1800+30"]

1. e4 e5 2. Nf3 Nc6 3. Bb5 a6 4. Ba4 Nf6 5. O-O Be7 6. Re1 b5 7. Bb3 d6 8. c3 O-O 9. h3 Nb8 10. d4 Nbd7 11. Bg5 Bb7 12. Nbd2 Re8 {[%emt 0:12:30] C95: Closed Ruy Lopez: Breyer Variation with 10 d4} 13. Bc2 Bf8 14. Nf1 h6 {[%emt 0:09:30] LiveBook: 66 Partien} 15. Bxf6 (15. Bh4 exd4 16. cxd4 c5 17. N1d2 cxd4 18. Nxd4 Qb6 19. N4f3 Rac8 20. Rc1 g6 21. Bb1 Rxc1 22. Qxc1 Bg7 23. Qd1 {1-0 (61) Harikrishna,P (2744)-Amin,B (2689) Riadh 2017}) 15... Nxf6 16. Ng3 g6 17. Qe2 $146 ({Predecessor:} 17. b4 Qd7 18. a4 Bg7 19. axb5 axb5 20. Rxa8 Bxa8 21. Qa1 Qc6 {1-0 (59) Nemeth,B (1810)-Kiraly,B (1541) Fertoszentmiklos 2016}) 17... Bg7 18. Rad1 Qe7 19. a4 c6 20. dxe5 dxe5 21. Rd2 Rad8 22. Red1 Nd7 23. Qe3 Nf8 24. Qb6 Ne6 25. b4 Rxd2 26. Rxd2 Rd8 27. Bb3 Rxd2 28. Nxd2 Qc7 29. Qe3 Bc8 30. Ne2 bxa4 31. Bxa4 c5 32. Kh2 Bf8 33. bxc5 Nxc5 34. Bc2 Be6 35. c4 a5 36. Nc3 Kg7 37. Nb5 Qc6 38. Qc3 a4 39. Qxe5+ Kh7 40. Qc3 Qa6 41. f4 $11 Bd7 42. f5 Bxb5 43. cxb5 Qxb5 44. Qf6 Qe8 45. Qc3 Bd6+ 46. g3 Qe5 47. Nb1 Qxc3 48. Nxc3 a3 49. Kg2 Na6 50. Bb3 gxf5 1/2-1/2

[Event "World Junior U20 Girls 2018"]
[Site "Gebze"]
[Date "2018.09.11"]
[Round "7"]
[White "Li, Yunshan"]
[Black "Du, Yuxin"]
[Result "1-0"]
[ECO "E01"]
[WhiteElo "2060"]
[BlackElo "2146"]
[Annotator "ChessBase"]
[PlyCount "117"]
[EventDate "2018.09.05"]
[EventType "swiss"]
[EventCountry "TUR"]
[SourceTitle "playchess.com"]
[Source "ChessBase"]
[SourceQuality "1"]
[TimeControl "40/5400+30:1800+30"]

1. d4 Nf6 2. c4 e6 3. g3 c5 4. Nf3 cxd4 5. Nxd4 d5 6. Bg2 e5 7. Nb3 d4 8. O-O Nc6 9. Bg5 Be7 10. e3 dxe3 11. Qxd8+ Nxd8 12. Bxe3 Be6 13. Na5 O-O 14. Nc3 Bb4 15. Nxb7 Bxc4 16. Rfc1 Nxb7 17. Bxb7 Rab8 18. Bg2 a5 19. Ne4 Nxe4 20. Rxc4 Nd6 21. Rc6 Nf5 22. Ba7 Rbc8 23. Ra6 g6 24. Bb6 Rc2 25. Bxa5 Bxa5 26. Rxa5 Rd8 27. Ra8 Rxa8 28. Bxa8 Rxb2 29. a4 Nd4 30. a5 Nb5 31. a6 Na7 32. Ra5 Rb6 33. Bb7 f6 34. Rd5 Kg7 35. Rd8 Kh6 36. h4 Nb5 37. Rd5 Na7 38. Kf1 Rb1+ 39. Ke2 Rb2+ 40. Rd2 Rb6 41. Kd3 g5 42. hxg5+ Kxg5 43. Kc3 f5 44. Rb2 Rf6 45. Kc4 f4 46. gxf4+ exf4 47. Kc5 h5 48. Rd2 h4 49. Rd8 h3 50. Rg8+ Kf5 51. Ra8 Rf7 52. Rxa7 h2 53. Ra8 Rxb7 54. axb7 h1=Q 55. b8=Q Qc1+ 56. Kd6 Qd2+ 57. Ke7 Qe2+ 58. Kf8 Qxf2 59. Qc8+ 1-0

[Event "World Junior U20 Girls 2018"]
[Site "Gebze"]
[Date "2018.09.11"]
[Round "7"]
[White "Malatsilava, Volha"]
[Black "Hereklioglu, Sude"]
[Result "1-0"]
[ECO "B47"]
[WhiteElo "2040"]
[BlackElo "1930"]
[Annotator "NA"]
[PlyCount "67"]
[EventDate "2018.09.05"]
[EventType "swiss"]
[EventCountry "TUR"]
[SourceTitle "playchess.com"]
[Source "ChessBase"]
[SourceQuality "1"]
[TimeControl "40/5400+30:1800+30"]

1. e4 c5 2. Nf3 e6 3. d4 cxd4 4. Nxd4 Nc6 5. Nc3 Qc7 6. Be2 a6 7. O-O b5 8. Nxc6 dxc6 9. Be3 Bb7 10. f4 Rd8 11. Qe1 Nf6 12. Bf3 c5 13. e5 {[%emt 0:00:00] LiveBook: 4 Games} Nd5 14. Nxd5 Bxd5 15. Bxd5 Rxd5 16. c4 Rd8 17. Qf2 $11 Be7 18. cxb5 axb5 19. b4 Rd5 20. bxc5 Bxc5 21. Rac1 Bxe3 22. Qxe3 Qd8 23. Qa3 h5 24. Qb4 h4 25. h3 Rh6 26. Rc6 Rg6 27. Rd6 Qa8 28. Rf2 Rg3 29. Rd2 Qb7 30. Qa5 Rxd6 31. exd6 Kd7 32. Rc2 Ke8 33. Qc7 Qxc7 34. dxc7 1-0

[Event "World Junior U20 Girls 2018"]
[Site "Gebze"]
[Date "2018.09.11"]
[Round "7"]
[White "Gomez Barrera, Javiera Belen"]
[Black "Koo, Wei Xin Rosamund"]
[Result "1-0"]
[ECO "B34"]
[WhiteElo "2035"]
[BlackElo "1918"]
[Annotator "NA"]
[PlyCount "91"]
[EventDate "2018.09.05"]
[EventType "swiss"]
[EventCountry "TUR"]
[SourceTitle "playchess.com"]
[Source "ChessBase"]
[SourceQuality "1"]
[TimeControl "40/5400+30:1800+30"]

1. e4 c5 2. Nf3 Nc6 3. d4 cxd4 4. Nxd4 Nf6 5. Nc3 g6 6. Nxc6 bxc6 7. e5 Ng8 8. Bc4 Bg7 9. Bf4 Qa5 10. Qf3 e6 11. O-O Bxe5 12. b4 Qc7 13. Nb5 Qb8 14. Bxe5 Qxe5 15. Rfe1 Qb8 $16 16. Rad1 d5 17. Bxd5 cxd5 18. Qxd5 Kf8 19. Qc5+ Kg7 20. Nc7 Nf6 21. Nxa8 Qxa8 22. Qe5 Qc6 23. Rd3 Qb6 24. Rf3 Qd8 25. c4 Bb7 26. Rf4 h5 27. h4 Qe7 28. f3 Qd8 29. Rf1 Rh6 30. b5 Rh8 31. a4 Rh6 32. a5 a6 33. Rb1 Rh8 34. bxa6 Ba8 35. a7 Qe7 36. Kh2 Bc6 37. Rb8 Rd8 38. Qxf6+ Qxf6 39. Rxf6 Rd4 40. Rc8 Kxf6 41. Rxc6 Rd8 42. Rc7 Ra8 43. c5 e5 44. c6 Ke6 45. Rb7 Kd6 46. c7 1-0

[Event "World Junior U20 Girls 2018"]
[Site "Gebze"]
[Date "2018.09.11"]
[Round "7"]
[White "Caballero Quijano, Mitzy Mishell"]
[Black "Gur, Tuba"]
[Result "1-0"]
[ECO "E01"]
[WhiteElo "2034"]
[BlackElo "1724"]
[Annotator "NA"]
[PlyCount "89"]
[EventDate "2018.09.05"]
[EventType "swiss"]
[EventCountry "TUR"]
[SourceTitle "playchess.com"]
[Source "ChessBase"]
[SourceQuality "1"]
[TimeControl "40/5400+30:1800+30"]

1. d4 d5 2. Nf3 e6 3. c4 Nf6 4. g3 c6 5. Bg2 Bd6 6. O-O Nbd7 7. Qc2 O-O 8. Nfd2 {[%emt 0:01:30] E01: Catalan: Early deviations} e5 9. cxd5 cxd5 10. Nc3 $146 ({Predecessor:} 10. dxe5 Nxe5 11. Nc3 Bg4 12. Nb3 Qc8 13. Bf4 Bh3 14. Rfd1 Bxg2 15. Kxg2 Rd8 {1-0 (23) Fominyh,A (2520)-Akselrod,V (2437) Tomsk 2003}) 10... e4 11. f3 exf3 12. exf3 Re8 13. Rd1 Nb6 14. Nf1 Bd7 15. Qb3 Rc8 16. Bg5 Be7 17. a4 Be6 18. f4 Ne4 (18... Nc4 $1 $15) 19. Bxe7 Qxe7 20. Nb5 Rc4 21. Ne3 Rb4 22. Qa3 Rxa4 23. Qxe7 Rxe7 $18 24. Rxa4 Nxa4 25. f5 Bd7 26. Nxd5 Re8 27. Nbc7 Nd6 28. Nxe8 Nxe8 29. Ra1 Nxb2 30. Rxa7 Nd6 31. Ra8+ Ne8 32. Nc7 Kf8 33. Bxb7 Ke7 34. Nxe8 Bxe8 35. Kf2 Nc4 36. g4 Nd6 37. Bd5 g6 38. Ra7+ Kf6 39. Ra6 Ke7 40. f6+ Kd7 41. Bc6+ Kc7 42. Bxe8 Nxe8 43. Ra7+ Kd6 44. Rxf7 Ke6 45. Re7+ 1-0

[Event "World Junior U20 Girls 2018"]
[Site "Gebze"]
[Date "2018.09.11"]
[Round "7"]
[White "Yang, Yijing"]
[Black "Chu, Ruotong"]
[Result "1/2-1/2"]
[ECO "A38"]
[WhiteElo "2018"]
[BlackElo "2199"]
[Annotator "NA"]
[PlyCount "67"]
[EventDate "2018.09.05"]
[EventType "swiss"]
[EventCountry "TUR"]
[SourceTitle "playchess.com"]
[Source "ChessBase"]
[SourceQuality "1"]
[TimeControl "40/5400+30:1800+30"]

1. Nf3 Nf6 2. c4 g6 3. b3 Bg7 4. Bb2 c5 5. g3 d6 6. Bg2 e5 7. O-O Nc6 8. Nc3 O-O 9. d3 Rb8 10. e3 {[%emt 0:01:30] A38: Symmetrical English vs ...g6: 4 Bg2 Bg7 5 Nf3 Nf6} (10. Nd2 a6 11. a3 Bg4 12. h3 Bd7 13. b4 cxb4 14. axb4 Nxb4 15. Ba3 a5 16. Rb1 b5 17. Nxb5 d5 {½-½ (30) Artemiev,V (2691)-Grischuk,A (2772) Huaian 2017}) 10... Be6 11. Ng5 $146 ({Predecessor:} 11. d4 cxd4 12. exd4 exd4 13. Nxd4 Nxd4 14. Qxd4 Nd5 15. Qd2 Nxc3 16. Bxc3 Bxc3 17. Qxc3 b5 18. cxb5 Rxb5 {½-½ (36) Schulz,K (2246)-Korolev,A (2071) Bamberg 2018}) 11... Bg4 12. Qd2 h6 13. Nge4 Qd7 14. Nxf6+ Bxf6 15. Nd5 Bg7 16. Rab1 Ne7 17. f4 Nxd5 18. Bxd5 Be6 19. Bxe6 Qxe6 20. d4 exd4 21. exd4 Qf5 22. d5 Bxb2 23. Rxb2 b5 24. Re1 Qf6 25. Rc2 a6 26. Qc3 $11 Qxc3 27. Rxc3 Rfe8 28. Rce3 Rxe3 29. Rxe3 Kf8 30. Kf2 bxc4 31. bxc4 Rb2+ 32. Re2 Rxe2+ 33. Kxe2 Ke7 34. Kd3 1/2-1/2

[Event "World Junior U20 Girls 2018"]
[Site "Gebze"]
[Date "2018.09.11"]
[Round "7"]
[White "Celik, Eylul"]
[Black "Doroy Allaney Jia G"]
[Result "0-1"]
[ECO "B27"]
[WhiteElo "2014"]
[BlackElo "1914"]
[Annotator "NA"]
[PlyCount "70"]
[EventDate "2018.09.05"]
[EventType "swiss"]
[EventCountry "TUR"]
[SourceTitle "playchess.com"]
[Source "ChessBase"]
[SourceQuality "1"]
[TimeControl "40/5400+30:1800+30"]

1. d4 g6 2. e4 Bg7 3. Nf3 c5 4. dxc5 Qa5+ 5. c3 Qxc5 6. Na3 {[%emt 0:02:30] B27: Sicilian: 2 Nf3, unusual Black 2nd moves} Nf6 7. Nb5 (7. Be3 Qa5 8. Nc4 Qc7 9. e5 Ng4 10. Bf4 b5 11. Ne3 Nxe3 12. fxe3 e6 13. Bxb5 Qb6 {½-½ (32) Nepomniachtchi,I (2705)-Guseinov,G (2649) Ashdod 2015}) 7... Qb6 {[%emt 0:10:30] LiveBook: 3 Games} ({Better is} 7... b6) 8. Be3 Qd8 9. Bc4 $146 ({Predecessor:} 9. Bf4 O-O 10. Bc7 Qe8 11. e5 Nh5 12. g4 Nf4 13. Qa4 Ne6 14. Bxb8 Rxb8 15. Qxa7 {½-½ (32) Satyapragyan,S (2397)-Savchenko,B (2534) Pardubice 2005}) 9... O-O 10. Qc2 Nc6 11. h3 d6 12. O-O Bd7 13. Rad1 Rc8 14. Qb1 a6 15. Na3 Qc7 16. Be2 b5 17. Nd4 Qb7 18. f3 Rfd8 $11 19. c4 b4 20. Nac2 Ne8 21. Nxc6 Bxc6 22. Nd4 Bd7 23. Rc1 Nc7 24. Nb3 Ne6 25. Rfd1 Be5 26. Bf2 Ba4 27. c5 dxc5 28. Rxd8+ Rxd8 29. Bxc5 Bxb3 30. Bxe7 Qxe7 31. axb3 Rd2 32. Rc2 Qa7+ 33. Kf1 Qe3 34. Rxd2 Qxd2 35. Bxa6 Nf4 0-1

[Event "World Junior U20 Girls 2018"]
[Site "Gebze"]
[Date "2018.09.11"]
[Round "7"]
[White "Isha Sharma"]
[Black "Schneider, Jana"]
[Result "1-0"]
[ECO "C54"]
[WhiteElo "2012"]
[BlackElo "2190"]
[Annotator "NA"]
[PlyCount "77"]
[EventDate "2018.09.05"]
[EventType "swiss"]
[EventCountry "TUR"]
[SourceTitle "playchess.com"]
[Source "ChessBase"]
[SourceQuality "1"]
[TimeControl "40/5400+30:1800+30"]

1. e4 e5 2. Nf3 Nc6 3. Bc4 Bc5 4. c3 Nf6 5. d3 d6 6. Nbd2 O-O 7. Nf1 d5 8. exd5 Nxd5 9. Ng3 Kh8 10. O-O f6 11. Re1 a6 12. Bb3 Ba7 13. d4 exd4 14. Nh4 (14. cxd4 $11 Nce7 15. h3) 14... Nde7 15. Bc2 f5 16. Bg5 Qd6 $1 17. Qh5 $11 d3 18. Rad1 Ne5 19. Bxe7 Qxe7 20. Rxe5 Qxe5 21. Ng6+ Kg8 22. Nxe5 dxc2 23. Rc1 f4 24. Ne4 Bf5 25. Qe2 b5 26. Qxc2 Rae8 27. Qb3+ Be6 28. Qa3 Bf5 29. Nc6 Be3 30. fxe3 Bxe4 31. Qc5 fxe3 32. Re1 Rf2 33. Rxe3 Rxg2+ 34. Kf1 Rf8+ 35. Ke1 Rg1+ 36. Kd2 Rg2+ 37. Re2 Bxc6 38. Qxc6 Rd8+ 39. Ke1 1-0

[Event "World Junior U20 Girls 2018"]
[Site "Gebze"]
[Date "2018.09.11"]
[Round "7"]
[White "Kamalidenova, Meruert"]
[Black "Aksoy, Ayca"]
[Result "0-1"]
[ECO "B76"]
[WhiteElo "2011"]
[BlackElo "1898"]
[Annotator "NA"]
[PlyCount "76"]
[EventDate "2018.09.05"]
[EventType "swiss"]
[EventCountry "TUR"]
[SourceTitle "playchess.com"]
[Source "ChessBase"]
[SourceQuality "1"]
[TimeControl "40/5400+30:1800+30"]

1. e4 c5 2. Nf3 g6 3. d4 cxd4 4. Nxd4 Nf6 5. Nc3 d6 6. Be3 Bg7 7. f3 Nc6 8. Qd2 Nxd4 9. Bxd4 O-O 10. g4 a6 {[%emt 0:14:30] B76: Sicilian Dragon: Yugoslav Attack, 9 g4 and 9 0-0-0} (10... Be6 $14 11. h4 Qa5 12. h5 Rfc8 13. a3 Rab8 14. hxg6 hxg6 15. Bd3 Bc4 16. O-O-O b5 17. Bxc4 Rxc4 18. Bxf6 Bxf6 19. Nd5 Qxd2+ 20. Rxd2 Kg7 {1-0 (66) Vocaturo,D (2598)-Grigoryan,K (2584) Barcelona 2017}) 11. h4 e5 12. Be3 Be6 13. O-O-O Qa5 $146 ({Predecessor:} 13... Ne8 14. h5 Rc8 15. Nd5 Bxd5 16. Qxd5 Qc7 17. Rd2 {1-0 (38) Claussen,S (1705)-Diekmann,A Hockenheim 1994}) 14. Qxd6 Nd7 15. a3 Rfc8 16. Qd2 Bf8 17. Nb1 Qa4 18. Bd3 Nc5 19. Bxc5 Rxc5 20. Qg2 (20. Nc3 $11 Qd4 21. Bf1 Qxd2+ 22. Rxd2) 20... Rac8 21. Rd2 R5c7 22. Kd1 b5 23. Ke2 Bc4 24. Bxc4 Qxc4+ 25. Kf2 Bc5+ 26. Kg3 Be3 27. Re2 Bf4+ 28. Kh3 Qa2 29. c3 Rd8 30. Rc2 Qb3 31. Qe2 Rcd7 32. Rf1 Rd3 33. a4 $19 (33. c4) 33... Qxa4 34. Qg2 Qxe4 35. Re2 Qc6 36. c4 e4 37. Ref2 Qxc4 38. Nc3 Qc6 0-1

[Event "World Junior U20 Girls 2018"]
[Site "Gebze"]
[Date "2018.09.11"]
[Round "7"]
[White "Hu, Yu A"]
[Black "Nassr, Lina"]
[Result "1/2-1/2"]
[ECO "B45"]
[WhiteElo "2009"]
[BlackElo "1854"]
[Annotator "NA"]
[PlyCount "72"]
[EventDate "2018.09.05"]
[EventType "swiss"]
[EventCountry "TUR"]
[SourceTitle "playchess.com"]
[Source "ChessBase"]
[SourceQuality "1"]
[TimeControl "40/5400+30:1800+30"]

1. e4 c5 2. Nf3 e6 3. d4 cxd4 4. Nxd4 Nf6 5. Nc3 Nc6 6. Ndb5 Bc5 7. Bf4 O-O {[%emt 0:00:30] B45: Sicilian Four Knights} 8. Bd6 Qb6 9. Qd2 Bxd6 10. Nxd6 Qxb2 11. Rb1 Qa3 12. Rb5 $146 ({Predecessor:} 12. f4 Ne8 13. Nxb7 Qe7 14. e5 f6 15. exf6 gxf6 {1-0 (78) Abdulla,K (2266)-Schleining,Z (2375) Chakvi 2015}) 12... a6 13. Rg5 {[%emt 0:05:30] [#]} Ne8 $1 14. Nc4 {[%emt 0:05:30] [#]} Qe7 $1 15. e5 (15. Nb6 $17 {might work better.} Rb8 16. Be2) 15... b5 16. Nb6 Rb8 17. Nxc8 Rxc8 18. Bd3 f5 19. exf6 Nxf6 20. O-O Nb4 21. Be2 $2 (21. Ne2) 21... Nxa2 22. Nxa2 Ne4 23. Rxg7+ Qxg7 24. Qe3 Nc3 25. Nxc3 Rxc3 26. Bd3 b4 27. f4 Ra3 28. Rf3 Kh8 29. Qe4 Rg8 30. Rg3 Qa1+ 31. Kf2 Rxd3 32. Rxd3 Qg7 33. Rg3 $11 Qb2 34. Rb3 Qf6 35. Rxb4 d5 36. Qe3 Rc8 1/2-1/2

[Event "World Junior U20 Girls 2018"]
[Site "Gebze"]
[Date "2018.09.11"]
[Round "7"]
[White "Stanciu, Ioana-Georgiana"]
[Black "Serikbay, Assel"]
[Result "0-1"]
[ECO "B40"]
[WhiteElo "2000"]
[BlackElo "2125"]
[Annotator "ChessBase"]
[PlyCount "82"]
[EventDate "2018.09.05"]
[EventType "swiss"]
[EventCountry "TUR"]
[SourceTitle "playchess.com"]
[Source "ChessBase"]
[SourceQuality "1"]
[TimeControl "40/5400+30:1800+30"]

1. e4 c5 2. Nf3 e6 3. g3 d5 4. exd5 exd5 5. d4 Nf6 6. Bg2 Be7 7. O-O O-O 8. h3 Nc6 9. Nc3 h6 10. Bf4 Be6 11. Re1 Rc8 12. Qd2 cxd4 13. Nxd4 Nxd4 14. Qxd4 Bc5 15. Qd2 Qd7 16. Be5 Be7 17. g4 Rfd8 18. Rad1 b5 19. a3 a5 20. g5 hxg5 21. Qxg5 Ne8 22. Qh5 Qb7 23. Rd3 b4 24. axb4 axb4 25. Ne4 f6 26. Bd4 Bf7 27. Qh4 dxe4 28. Bxe4 f5 29. Bxb7 Bxh4 30. Bxc8 Rxc8 31. c3 b3 32. Be5 Nf6 33. Bg3 Bg5 34. Re5 Bc1 35. Re2 Bc4 36. Rdd2 Bxe2 37. Rxe2 Ne4 38. Be5 Nc5 39. c4 Nd3 40. Bd4 Rxc4 41. Be3 Nxb2 0-1

[Event "World Junior U20 Girls 2018"]
[Site "Gebze"]
[Date "2018.09.11"]
[Round "7"]
[White "Nemcova, Karin"]
[Black "Heydarova, Aytaj"]
[Result "0-1"]
[ECO "B77"]
[WhiteElo "1990"]
[BlackElo "1948"]
[Annotator "NA"]
[PlyCount "54"]
[EventDate "2018.09.05"]
[EventType "swiss"]
[EventCountry "TUR"]
[SourceTitle "playchess.com"]
[Source "ChessBase"]
[SourceQuality "1"]
[TimeControl "40/5400+30:1800+30"]

1. e4 c5 2. Nf3 d6 3. d4 cxd4 4. Nxd4 Nf6 5. Nc3 g6 6. Be3 Bg7 7. f3 Nc6 8. Qd2 O-O 9. Bc4 a6 10. O-O-O Nxd4 11. Bxd4 Be6 {[%emt 0:00:30] B77: Sicilian Dragon: Yugoslav Attack, 9 Bc4 sidelines} (11... b5 12. Bb3 Bb7 13. h4 a5 14. Nxb5 a4 15. Bc4 Ba6 16. Na3 Qc8 17. Bxa6 Rxa6 18. g4 Rc6 19. g5 Nh5 20. Bxg7 Nxg7 {1-0 (49) Blaskowski,J (2287)-Schuette,M (2267) Bayern 2009}) 12. Nd5 Bxd5 13. Bxd5 $146 ({Predecessor:} 13. Bxf6 Bxc4 14. Bxg7 Kxg7 15. Qd4+ Kg8 16. Qxc4 Rc8 17. Qb3 Qc7 {½-½ (17) Toth,P (1799)-Pilisi,L (2019) Senta 2010}) 13... Qc7 14. h4 Rac8 15. Bb3 b5 16. h5 Rfd8 17. hxg6 hxg6 18. Bxf6 (18. Kb1 $18) 18... Bxf6 19. Qh6 e6 20. Qd2 d5 21. f4 dxe4 22. Qe3 a5 23. a4 bxa4 24. Bxa4 $19 Rd3 25. Rxd3 exd3 26. Qe4 dxc2 27. Bxc2 Rb8 0-1